 Dungeon Crawl Stone Soup version 0.24-a0-167-g029c7ce0ac (webtiles) character file.

Game seed: 9334663122624369834

5187 iamaerjio the Cleaver (level 10, -8/64 HPs)
             Began as an Octopode Chaos Knight on Mar 7, 2019.
             Was a Priest of Makhleb.
             Mangled by Snorg (20 damage)
             ... on level 10 of the Dungeon.
             The game lasted 00:23:11 (10461 turns).

iamaerjio the Cleaver (Octopode Chaos Knight)      Turns: 10461, Time: 00:23:12

Health: -8/64      AC:  1    Str: 18      XL:     10   Next: 60%
Magic:  12/12      EV: 12    Int: 13      God:    Makhleb [***...]
Gold:   64         SH: 16    Dex: 10 (13) Spells: 9/9 levels left

rFire    . . .     SeeInvis .   r - +2 hand axe (elec)
rCold    . . .     Gourm    .   h - +5 shield
rNeg     + . .     Faith    .   (helmet restricted)
rPois    .         Spirit   .   (no amulet)
rElec    .         Reflect  .   q - ring of positive energy
rCorr    .         Harm     .   y - +2 ring of intelligence
MR       .....                  E - +3 ring of strength
Stlth    +++.......             (no ring)
HPRegen  0.20/turn              (no ring)
MPRegen  0.13/turn              (no ring)
                                (no ring)
                                (no ring)

@: no status effects
A: almost no armour, stealthy swim, amphibious, 8 rings, constrict 8, camouflage
1, blurry vision 1, dopey 2, frail 1, strong 1, gelatinous body 1
a: Minor Destruction, Lesser Servant of Makhleb, Renounce Religion


You were on level 10 of the Dungeon.
You worshipped Makhleb.
Makhleb was most pleased with you.
You were not hungry.

You visited 2 branches of the dungeon, and saw 11 of its levels.

You collected 609 gold pieces.
You spent 545 gold pieces at shops.

Inventory:

Hand Weapons
 a - a +0 short sword of chaos
 r - a +2 hand axe of electrocution (weapon)
 t - a +0 scimitar
 u - a +0 war axe
 v - a +4 spear
 L - a cursed +5 spear
Missiles
 n - 8 tomahawks (quivered)
Armour
 h - a +5 shield (worn)
Jewellery
 q - a ring of positive energy (left tentacle)
 y - a +2 ring of intelligence (right tentacle)
 E - a +3 ring of strength (on tentacle)
Wands
 l - a wand of clouds (4)
 o - a wand of disintegration (3)
 x - a wand of enslavement (21)
 B - a wand of flame (2)
 H - a wand of iceblast (10)
 K - a wand of random effects (13)
Scrolls
 c - a scroll of silence
 d - 5 scrolls of teleportation {@r3}
 e - 4 scrolls of enchant weapon
 g - 6 scrolls of remove curse {@r2}
 i - 2 scrolls of magic mapping {unknown}
 p - 2 scrolls of blinking {unknown}
 w - 3 scrolls of amnesia
 D - 2 scrolls of fear
 G - 2 scrolls of noise
 I - a scroll of enchant armour
Potions
 f - 2 potions of heal wounds {unknown}
 j - 2 potions of flight {unknown}
 k - 3 potions of haste {unknown}
 m - 4 potions of mutation
 s - 4 potions of curing {@q1}
 z - 2 potions of cancellation
 A - 2 potions of agility
 C - 2 potions of might
 J - a potion of lignification {unknown}
Comestibles
 b - 19 rations
 M - 3 chunks of flesh


   Skills:
 - Level 8.0 Fighting
 - Level 3.0 Short Blades
 * Level 9.9 Axes
 - Level 2.3 Dodging
 - Level 3.0 Stealth
 + Level 8.3 Shields
 - Level 3.0 Evocations


You had 9 spell levels left.
You didn't know any spells.
Your spell library was empty.

Dungeon Overview and Level Annotations

Branches:
Dungeon (10/15)            Temple (1/1) D:4            Lair (0/6) D:8
    Orc (0/2) D:9

Altars:
Ashenzari
Cheibriados
Dithmenos
Elyvilon
Fedhas
Gozag
Hepliaklqana
Kikubaaqudgha
Makhleb
Nemelex Xobeh
Okawaru
Qazlal
Ru
Sif Muna
Trog
Uskayaw
Vehumet
Wu Jian
Xom
Yredelemnul
Zin
The Shining One

Shops:
D:4 !   D:9 *[(   D:10 !

Annotations:
D:6 3 runed translucent doors, Niddhogr's ghost, novice FoWz
D:10 Harold; Snorg


Innate Abilities, Weirdness & Mutations

You cannot wear most types of armour.
You are very stealthy in the water. (Stealth+)
You are amphibious.
You can wear up to eight rings at the same time.
You can use your tentacles to constrict eight enemies at once.
Your skin changes colour to match your surroundings (Stealth+).
Your rubbery body absorbs attacks. (AC +1, EV +1)
Scrolls take you a little longer to read.
You are very dopey. (Int -4)
You are frail. (-10% HP)
Your muscles are strong. (Str +2)


Message History

You block Snorg's attack. Snorg closely misses you. Snorg claws you!
You barely miss Snorg. Snorg bites you! You block Snorg's attack.
Snorg claws you!!
* * * LOW HITPOINT WARNING * * *
Okay, then.
Okay, then.
Okay, then.
Okay, then.
You don't know any spells.
Unknown command.
Okay, then.
Aiming: Paralyse
Aim: Snorg (severely wounded, berserk, fast, unusually strong, chance to defeat MR: 21%) Snorg resists with almost no effort.
The now-empty wand crumbles to dust.
You block Snorg's attack. x3
Aiming: Iceblast The mass of ice explodes!
The iceblast engulfs Snorg!!
Snorg bites you.
* * * LOW HITPOINT WARNING * * *
You block Snorg's attack. x3; Snorg claws you!!
You die...

##### #...# # #.#.#
############.#.#########
+.......................
###.########.###@.#####
# #.# #.#.T..# ###.#
#.#.#..# ....# #.#....#
....# #.. ...# ....#
#.####.# ###.# ..# ..
..#.######.# .#
..#......# #


You could see Snorg (berserk).

Vanquished Creatures
  Grinder (D:6)
  A blink frog (D:6)
  Sigmund (D:3)
  3 yaks (D:8)
  2 basilisks (D:8)
  3 porcupines (D:8)
  Menkaure (D:7)
  An ice beast (D:7)
  4 orc warriors
  A sky beast (D:5)
  2 black bears
  4 ogres
  2 centaurs (D:7)
  A big kobold (D:7)
  3 bullfrogs
  3 scorpions
  5 wights
  A howler monkey (D:4)
  5 crimson imps
  A quasit (D:9)
  2 hounds
  4 jellies
  9 orc priests
  2 bullfrog skeletons
  3 iguanas
  10 orc wizards
  2 worker ants
  A hound zombie (D:6)
  A hound skeleton (D:9)
  2 howler monkey zombies
  A worker ant zombie (D:4)
  4 gnolls (D:4)
  A howler monkey skeleton (D:5)
  13 adders
  A shadow imp (D:9)
  6 oozes
  An adder skeleton (D:6)
  3 worms
  10 dart slugs
  4 leopard geckos
  30 orcs
  5 ball pythons
  5 giant cockroaches
  3 goblins
  2 hobgoblins
  13 jackals
  8 kobolds
  A quokka (D:9)
  3 bats (D:2)
  8 frilled lizards
  A leopard gecko skeleton (D:5)
  A quokka zombie (D:9)
  5 rats
210 creatures vanquished.

Vanquished Creatures (others)
  A porcupine (D:8)
  3 yaks (D:8)
  A fungus (D:8)
  4 plants (D:8)
9 creatures vanquished.

Grand Total: 219 creatures vanquished

Notes
Turn   | Place    | Note
-------+----------+-------------------------------------------
     0 | D:1      | iamaerjio the Octopode Chaos Knight began the quest for the
                  | Orb.
     0 | D:1      | Reached XP level 1. HP: 16/16 MP: 1/1
    87 | D:1      | Noticed a shapeshifter
    87 | D:1      | a hobgoblin changed into a shapeshifter
    87 | D:1      | Noticed a troll
    87 | D:1      | a shapeshifter changed into a troll
    90 | D:1      | XOM: potion effect (heal wounds)
   103 | D:1      | Noticed a queen bee
   103 | D:1      | a troll changed into a queen bee
   112 | D:1      | Noticed a jumping spider
   126 | D:1      | Reached skill level 1 in Stealth
   212 | D:2      | Reached XP level 2. HP: 16/21 MP: 2/2
   497 | D:2      | XOM: noise
   634 | D:2      | XOM: medium Tmut miscast
   673 | D:2      | XOM: harmless Erth miscast
   794 | D:2      | Reached XP level 3. HP: 22/26 MP: 3/3
  1287 | D:2      | Found a faded altar of an unknown god.
  1333 | D:2      | Found a glowing golden altar of the Shining One.
  1334 | D:2      | Found a hazy altar of Hepliaklqana.
  1519 | D:3      | Reached skill level 1 in Shields
  1519 | D:3      | XOM: harmless Hex miscast
  1638 | D:3      | Reached XP level 4. HP: 33/33 MP: 4/4
  1794 | D:3      | Reached XP level 5. HP: 29/38 MP: 5/5
  2059 | D:3      | Noticed Sigmund
  2060 | D:3      | XOM: silly message
  2099 | D:3      | XOM: butterfly on damage
  2101 | D:3      | Killed Sigmund
  2101 | D:3      | Reached skill level 5 in Fighting
  2101 | D:3      | Reached XP level 6. HP: 29/45 MP: 6/6
  2334 | D:4      | XOM: harmless Chrm miscast
  2498 | D:4      | XOM: silly message
  2538 | D:4      | Found Jauv's Distillery.
  2540 | D:4      | XOM: divination: magic mapping
  2548 | D:4      | XOM: smoke on damage
  2619 | D:4      | Bought a potion of invisibility for 80 gold pieces
  2619 | D:4      | Bought a potion of curing for 30 gold pieces
  2693 | D:4      | Noticed a black bear
  2698 | D:4      | Killed a black bear
  2698 | D:4      | Reached XP level 7. HP: 35/53 MP: 7/7
  2999 | D:4      | Found a staircase to the Ecumenical Temple.
  3043 | Temple   | Entered the Ecumenical Temple
  3065 | Temple   | Fell from the grace of Xom
  3065 | Temple   | Became a worshipper of Uskayaw the Reveler
  3079 | D:4      | Reached * piety under Uskayaw
  3093 | D:4      | Reached ** piety under Uskayaw
  3095 | D:4      | Reached *** piety under Uskayaw
  3265 | D:4      | Found a white marble altar of Elyvilon.
  3446 | D:4      | Reached **** piety under Uskayaw
  3450 | D:4      | Reached ***** piety under Uskayaw
  3601 | D:4      | XOM: medium Chrm miscast
  3627 | D:4      | XOM: mild Pois miscast
  3691 | Temple   | Fell from the grace of Uskayaw
  3691 | Temple   | Became a worshipper of Makhleb the Destroyer
  3847 | D:4      | Reached skill level 1 in Axes
  4162 | D:4      | XOM: medium Necr miscast
  4163 | D:4      | Noticed a shadow
  4163 | D:4      | Noticed a shadow
  4198 | D:4      | Bought a potion of agility for 40 gold pieces
  4424 | D:5      | Entered Level 5 of the Dungeon
  4443 | D:5      | Reached XP level 8. HP: 51/60 MP: 8/8
  4527 | D:5      | Reached skill level 2 in Axes
  4611 | D:5      | Reached skill level 3 in Axes
  4916 | D:5      | XOM: god gift: scroll labeled IRREAB GEHU {god gift}
  4964 | D:5      | Reached * piety under Makhleb
  5032 | D:5      | Found a glowing silver altar of Zin.
  5098 | D:5      | Found a stormy altar of Qazlal.
  5101 | D:5      | Noticed a water elemental
  5101 | D:5      | Noticed an air elemental
  5208 | D:5      | Reached skill level 5 in Shields
  5218 | D:5      | XOM: medium Hex miscast
  5379 | D:5      | XOM: mild Fire miscast
  5582 | D:6      | Reached skill level 4 in Axes
  5936 | D:6      | Reached skill level 5 in Axes
  6253 | D:6      | Noticed Grinder
  6266 | D:6      | Killed Grinder
  6266 | D:6      | Reached XP level 9. HP: 66/66 MP: 9/9
  6270 | D:6      | Noticed Niddhogr's ghost (novice FoWz)
  6277 | D:6      | Found a runed translucent gate.
  6277 | D:6      | Found a runed translucent gate.
  6279 | D:6      | Found a runed translucent gate.
  6281 | D:6      | Noticed a deep elf mage
  6297 | D:6      | XOM: medium Necr miscast
  6508 | D:6      | XOM: god gift: 11 gold pieces
  6708 | D:7      | Noticed Menkaure
  6712 | D:7      | Killed Menkaure
  6715 | D:7      | Reached skill level 6 in Axes
  6746 | D:7      | Reached ** piety under Makhleb
  6953 | D:6      | XOM: polymorph something unseen -> blink frog
  7242 | D:7      | Reached skill level 7 in Axes
  8007 | D:8      | Found an ornate altar of the Wu Jian Council.
  8007 | D:8      | Found an ancient bone altar of Kikubaaqudgha.
  8008 | D:8      | Found a shattered altar of Ashenzari.
  8134 | D:8      | Reached skill level 8 in Axes
  8134 | D:8      | Reached skill level 1 in Evocations
  8138 | D:8      | XOM: enchant monster (bad)
  8141 | D:8      | Reached XP level 10. HP: 61/72 MP: 9/11
  8265 | D:8      | HP: 1/72 [basilisk (10)]
  8266 | D:8      | Reached skill level 9 in Axes
  8502 | D:8      | Was forgiven by Uskayaw
  8712 | D:8      | Found a staircase to the Lair.
  9223 | D:8      | XOM: give mutations
  9223 | D:8      | Gained mutation: Your body sometimes deteriorates upon
                  | taking damage. [Xom's mischief]
  9223 | D:8      | Gained mutation: Scrolls take you a little longer to read.
                  | [Xom's mischief]
  9223 | D:8      | Gained mutation: You are dopey. (Int -2) [Xom's mischief]
  9223 | D:8      | Gained mutation: You are very dopey. (Int -4) [Xom's
                  | mischief]
  9543 | D:9      | XOM: 4-stop teleportation journey
  9795 | D:9      | Found Virobbe's Weapon Boutique.
  9796 | D:9      | Found a staircase to the Orcish Mines.
  9798 | D:9      | Found Caontuv's Armour Boutique.
  9812 | D:9      | Reached *** piety under Makhleb
  9949 | D:9      | XOM: give mutations
  9949 | D:9      | Lost mutation: Your body sometimes deteriorates upon taking
                  | damage. [Xom's mischief]
  9949 | D:9      | Gained mutation: Your muscles are strong. (Str +2) [Xom's
                  | mischief]
  9949 | D:9      | Gained mutation: You are frail. (-10% HP) [Xom's mischief]
 10035 | D:9      | Found a sparkling altar of Nemelex Xobeh.
 10048 | D:9      | Found a stormy altar of Qazlal.
 10064 | D:9      | Found Erosapto's Assorted Antiques.
 10071 | D:9      | Bought a wand of iceblast (7) for 124 gold pieces
 10071 | D:9      | Bought a bubbling golden potion for 27 gold pieces
 10071 | D:9      | Bought a scroll labeled CICUGA GAOS for 31 gold pieces
 10071 | D:9      | Bought a purple potion for 27 gold pieces
 10071 | D:9      | Bought a scroll of teleportation for 93 gold pieces
 10071 | D:9      | Bought a potion of curing for 93 gold pieces
 10191 | D:9      | XOM: noise
 10291 | D:10     | Entered Level 10 of the Dungeon
 10292 | D:10     | Noticed Harold
 10419 | D:10     | Found Fohaveimm's Distillery.
 10452 | D:10     | Noticed Snorg
 10461 | D:10     | Mangled by Snorg

Levels and vault maps discovered:
D:1:      eino_arrival_cavern_d, layout_loops_ring
D:2:      layout_basic, gammafunk_temple_overflow_statue,
          chequers_ecumenical_altar_twisty, minmay_tetromino_t4
D:3:      kennysheep_slugbush, layout_rooms, uniq_sigmund
D:4:      black_bear_nest_2, layout_basic, elyvilon_altar_1,
          minmay_temple_entry_statues_pillars, serial_shops, shop, first_ration
D:5:      layout_cave_pools, lemuel_crystal_altar, minivault_24,
          nicolae_qazlal_style_of_elements
D:6:      layout_loops_ring, gammafunk_ghost_split, uniq_grinder
D:7:      layout_cave_pools, serial_glass, glass_columns_a, glass_columns_b,
          uniq_menkaure
D:8:      layout_basic, gammafunk_temple_overflow_claw, minmay_lair_entry_grove,
          hangedman_little_slice_of_home
D:9:      layout_long_grid, amethyst_overflow_temple_binary, orc_david_3,
          serial_shops, shop
D:10:     layout_basic, serial_shops, nicolae_shop_window_shopping, uniq_snorg,
          uniq_harold, uniq_sonja
Temple:   nicolae_temple_god_jail

Skill      XL: |  1  2  3  4  5  6  7  8  9 10 |
---------------+-------------------------------+-----
Stealth        | 2 3 |  3.0
Shields        | 1 3 4 5 7 8 |  8.3
Fighting       | 4 5 6 7 8 |  8.0
Axes           | 1 5 8 9 |  9.9
Evocations     | 2 3 |  3.0
Short Blades   | |  3.0
Dodging        | |  2.3

Action                   |  1- 3 |  4- 6 |  7- 9 | 10-12 || total
-------------------------+-------+-------+-------+-------++-------
Melee: Short sword       |    75 |    72 |    43 |       ||   190
       Constrict         |    17 |    21 |    48 |    18 ||   104
       Tentacles         |    13 |    11 |    47 |    24 ||    95
       Hand axe          |       |       |   203 |   106 ||   309
Evoke: Wand              |       |       |    12 |    35 ||    47
  Use: Scroll            |       |       |    11 |     1 ||    12
       Potion            |       |       |     2 |     2 ||     4
 Stab: Sleeping          |     2 |     8 |     9 |     1 ||    20
       Confused          |     1 |       |       |       ||     1
       Paralysed         |       |       |     8 |     1 ||     9
       Distracted        |       |       |     3 |       ||     3
       Invisible         |       |       |     2 |       ||     2
  Eat: Chunk             |     1 |     5 |    17 |     7 ||    30
Armor: Skin              |    10 |     2 |     8 |     3 ||    23
Dodge: Dodged            |    31 |    15 |    60 |    26 ||   132
Block: Shield            |    25 |    25 |   108 |    55 ||   213

Table legend:
 A = Non-vault XP
 B = Vault XP
 C = Vault XP percentage of total XP
 D = Non-vault monster count
 E = Vault monster count
 F = Vault count percentage of total count
                 A         B        C        D         E       F
            +---------+---------+-------+---------+---------+-------
      Total |    4696 |    2714 |  36.6 |     177 |      36 |  16.9
            +---------+---------+-------+---------+---------+-------
        D:1 |       4 |       0 |   0.0 |       3 |       0 |   0.0
        D:2 |      47 |       5 |   9.6 |      21 |       3 |  12.5
        D:3 |     101 |     259 |  71.9 |      15 |       9 |  37.5
        D:4 |     608 |     124 |  16.9 |      35 |       1 |   2.8
        D:5 |     582 |       0 |   0.0 |      28 |       0 |   0.0
        D:6 |     826 |     290 |  26.0 |      22 |       1 |   4.3
        D:7 |    1103 |     154 |  12.3 |      19 |       1 |   5.0
        D:8 |     476 |    1746 |  78.6 |      10 |      19 |  65.5
        D:9 |     820 |     136 |  14.2 |      21 |       2 |   8.7
       D:10 |     129 |       0 |   0.0 |       3 |       0 |   0.0
            +---------+---------+-------+---------+---------+-------
